 Dungeon Crawl Stone Soup version 0.26-a0-661-g406de6ba63 (webtiles) character file.

Game seed: 10086641450291589853

16 lmSkywalker the Vandal (level 2, 19/19 HPs)
             Began as a Halfling Hunter on Oct 8, 2020.
             Quit the game on level 1 of the Dungeon.
             The game lasted 00:02:26 (516 turns).

lmSkywalker the Vandal (Halfling Hunter)             Turns: 516, Time: 00:02:26

Health: 19/19      AC:  3    Str: 13    XL:     2   Next: 75%
Magic:  2/2        EV: 14    Int:  9    God:
Gold:   38         SH:  0    Dex: 14    Spells: 1/1 levels left

rFire    . . .     SeeInvis .   b - +0 short sword
rCold    . . .     Faith    .   (shield restricted)
rNeg     . . .     Spirit   .   c - +0 leather armour
rPois    .         Reflect  .   (no helmet)
rElec    .         Harm     .   (no cloak)
rCorr    .         Rampage  .   (no gloves)
MR       .....                  (no boots)
Stlth    +.........             (no amulet)
HPRegen  0.06/turn              (no ring)
MPRegen  0.08/turn              (no ring)

@: no status effects
A: small, mutation resistance 1
a: no special abilities


You were on level 1 of the Dungeon.
You visited 1 branch of the dungeon, and saw 1 of its levels.

You collected 38 gold pieces.

Inventory:

Hand Weapons
 a - a +1 hunting sling
 b - a +0 short sword (weapon)
Missiles
 d - 18 sling bullets
 j - 17 stones (quivered)
Armour
 c - a +0 leather armour (worn)
Jewellery
 e - an uncursed ring of flight {unknown}
Scrolls
 f - a scroll of identify {unknown}
 i - a scroll of blinking {unknown}
 k - a scroll of random uselessness {unknown}
Potions
 g - a potion of resistance {unknown}
 h - a potion of curing {unknown}


   Skills:
 - Level 1.7 Fighting
 + Level 6.8 Slings
 - Level 2.1 Dodging
 - Level 1.1 Stealth


You had one spell level left.
You didn't know any spells.
Your spell library was empty.

Dungeon Overview and Level Annotations

Branches:
Dungeon (1/15)

Altars:


Innate Abilities, Weirdness & Mutations

You are small and have problems with some larger weapons.
You are somewhat resistant to further mutation.


Message History

No target in view!
You see here 8 javelins.
l - 8 javelins A dart slug comes into view.
You drop 8 javelins.
You throw a stone. The stone barely misses the dart slug.
You throw a stone. The stone hits the dart slug.
The dart slug is moderately wounded.
You throw a stone. The stone hits the dart slug.
The dart slug is moderately wounded.
You throw a stone. The stone hits the dart slug.
The dart slug is severely wounded.
You hit the dart slug.
The dart slug is almost dead.
You hit the dart slug.
The dart slug is almost dead.
The dart slug barely misses you.
You hit the dart slug.
You kill the dart slug!
Are you sure you want to abandon this character and quit the game? (Confirm with "yes".)

#............#############......
..............#############......
##...............................
###.#####..............###......
#. #..............# #...... #.
###......####### #...... #......#
####### ###......###### #.#
#.)....@.(((..(# #.#
#..............# #.#
#..............#
#.#####..............#
#.#...[..............#
####.#..................#
#.......................#
#.......................
#†.................


There were no monsters in sight!

Vanquished Creatures
  A dart slug (D:1)
  A leopard gecko (D:1)
  A giant cockroach (D:1)
  A goblin (D:1)
  4 hobgoblins (D:1)
  3 frilled lizards (D:1)
  2 kobolds (D:1)
13 creatures vanquished.

Notes
Turn   | Place    | Note
-------+----------+-------------------------------------------
     0 | D:1      | lmSkywalker the Halfling Hunter began the quest for the
                  | Orb.
     0 | D:1      | Reached XP level 1. HP: 14/14 MP: 1/1
    77 | D:1      | Reached skill level 6 in Slings
   195 | D:1      | Reached XP level 2. HP: 19/19 MP: 2/2
   516 | D:1      | Quit the game

Illustrated notes

Levels and vault maps discovered:
D:1:      psy_arrival_statuary, layout_basic

Skill      XL: |  1 |
---------------+----+-----
Slings         | 6 |  6.8
Fighting       | |  1.7
Dodging        | |  2.1
Stealth        | |  1.1

Action                   || total
-------------------------++-------
Melee: Short sword       ||    12
 Fire: Hunting sling     ||    23
Throw: Stone             ||     5
Armor: Leather armour    ||     2
Dodge: Dodged            ||    12

Table legend: (Time is in decaauts)
 A = Elapsed time spent in this place.
 B = Non-inter-level travel time spent in this place.
 C = Inter-level travel time spent in this place.
 D = Time resting spent in this place.
 E = Time spent auto-exploring this place.
 F = Levels seen in this place.
 G = Mean time per level.
                   A        B        C        D        E       F      G
               +--------+--------+--------+--------+--------+-----+--------+
         Total |    513 |    513 |      0 |      0 |    397 |   1 |  513.0 |
       Dungeon |    513 |    513 |      0 |      0 |    397 |   1 |  513.0 |
               +--------+--------+--------+--------+--------+-----+--------+

Top non-repeatable levels by time:
     D:1: 513 daAuts
